Unix NetHack Version 5.0.0-0 post-release - last build May  4 2026 22:22:43 (774f63e81ad911689b3a0859ea89b322d5daca8d,branch:main).

Game began 2026-05-09 09:18:14, ended 2026-05-09 09:33:37.

31245981910, lawful female dwarven Valkyrie

                                           ###              -----
                                           ##*             --.|.--
                                 --#     *#  #            --.....--
                                --.###     ##         ----........|
                               --....#-#   #      ----|...........--
            ----               |.......-#**G---   |...|..... -..)..--
     ----   |..------           -.......@#-#>.--- |...*...-  |......|
     |..--- |....|..--          ---....Gf--.....---.......| --.....--
     |....----.......|            ---.....................---.......|
     --........-....--              |........*......................-- -- --
    ---.------......---     ---     --#.##..---..--..................--.--.---
    |...|    |........|    --.------  -#####- ----|..........................--
    |.---    --------.|   --.......--             ---.---.......%............`|
    |.|             |.|   |.........--              --- |....................--
    |.|             |.--  |.--.......---   -----   ------^............--..----
  ---.|             |..|  |.|..........-----...-----..................-----
  |...|             |..----.|-..--...................|`................|
  |...|             --..|...|---------.---......---------.............--
  --..|              |....---        ... --......|      --....<.|.--..|
   ----              --..--         --.-- --------       -----.--------
                      ----           ---                     ---
31245981910 the Skirmisher  St:18/01 Dx:13 Co:20 In:10 Wi:7 Ch:10  Lawful
Dlvl:3  $:45 HP:0(41) Pw:4(4) AC:6  Xp:3 T:1773 

Latest messages:
 r - a white gem (2 in total).
 The kitten bites the dwarf.
 The dwarf thrusts her dagger at the kitten.
 The dwarf hits the kitten.
 u - 10 crossbow bolts.
 v - a crossbow.
 You stop.  The dwarf is in the way!
 The kitten picks up a stone.
 The kitten drops a stone.
 You swap places with the peaceful hobbit.
 You see here a violet gem.
 w - a violet gem.
 You see here a gray stone.
 You see here a dark potion.
 x - a dark potion.
 The homunculus bites!
 You miss the homunculus.
 The homunculus bites!
 You kill the homunculus!
 You see here a homunculus corpse.
 The kitten picks up a gray stone.
 You swap places with the peaceful dwarf.
 You swap places with the peaceful gnome.
 You swap places with the peaceful gnomish wizard.
 The kitten drops a gray stone.
 You swap places with the peaceful dwarf.
 You swap places with the peaceful dwarf.
 You see here 7 rocks.
 The kitten misses!
 The kitten bites!
 The kitten bites!
 The kitten bites!
 The kitten bites!
 The kitten bites!
 The kitten bites!
 You swap places with the peaceful gnome.
 You swap places with the peaceful gnome.
 The kitten bites!
 The kitten bites!
 You miss the kitten.
 The kitten bites!
 You miss the kitten.
 The kitten bites!
 The kitten bites!
 You die...
 Do you want your possessions identified? [ynq] (y) y
 Do you want to see your attributes? [ynq] (y) y
 Do you want an account of creatures vanquished? [ynaq] (y) y
 Do you want to see your conduct and achievements? [ynq] (y) y
 Do you want to see the dungeon overview? [ynq] (y) y

Inventory:
 Coins    ('$')
  $ - 45 gold pieces
 Weapons  (')')
  u - 10 +0 crossbow bolts
  v - a +0 crossbow
  s - 5 blessed +2 daggers
  b - a +0 dagger (alternate weapon; not wielded)
  a - a +1 dwarvish spear (weapon in right hand)
  n - a +0 elven dagger
 Armor    ('[')
  c - an uncursed +3 small shield (being worn)
 Comestibles  ('%')
  i - an uncursed carrot
  d - 4 uncursed food rations
  g - an uncursed orange
  j - an uncursed egg
 Scrolls  ('?')
  l - a blessed scroll of fire
  m - an uncursed scroll of remove curse
  h - an uncursed scroll of scare monster
  p - an uncursed scroll of teleportation
 Potions  ('!')
  q - a cursed potion of hallucination
  x - an uncursed potion of healing
  k - a cursed potion of monster detection
  e - an uncursed potion of speed
 Tools    ('(')
  t - an uncursed magic whistle
 Gems/Stones  ('*')
  w - an uncursed amethyst stone
  r - 2 uncursed worthless pieces of white glass
  f - an uncursed worthless piece of yellowish brown glass

31245981910 the Valkyrie's attributes:

Background:
 You were a Skirmisher, a level 3 dwarven Valkyrie.
 You were lawful, nominally on a mission for Tyr
 who was opposed by Odin (neutral) and Loki (chaotic).
 You were right-handed.
 You were in the Gnomish Mines, on level 3.
 You entered the dungeon 1773 turns ago.
 You had 50 experience points, 30 more were needed to attain level 4.

Basics:
 You had 0 out of 41 hit points.
 You had all 4 energy points (spell power).
 Your armor class was 6.
 Your wallet contained 45 zorkmids.
 Autopickup was off.

Final Characteristics:
 Your strength was 18/01 (limit:18/100).
 Your dexterity was 13 (limit:20).
 Your constitution was 20 (limit:20).
 Your intelligence was 10 (limit:16).
 Your wisdom was 7 (limit:16).
 Your charisma was 10 (limit:16).

Final Status:
 You weren't hungry.
 You were unencumbered.
 You were wielding a spear.
 You had basic skill with spear.

Final Attributes:
 You were devoutly aligned.
 You were cold resistant.
 You had infravision.
 You were stealthy.
 You are dead.

Miscellaneous:
 You didn't encounter any bones levels.
 Total elapsed playing time was 15 minutes and 21 seconds.

Major events:
 Turn
    1: 31245981910 the lawful dwarven Valkyrie entered the dungeon
 1285: attained the rank of Skirmisher (level 3)
 1447: entered the Gnomish Mines
 1773: killed by a kitten

You didn't know any spells.

Skills:
 Fighting Skills
   bare handed combat [Unskilled]
   two weapon combat  [Unskilled]
   riding             [Unskilled]
 Weapon Skills
   dagger             [Basic]
   axe                [Unskilled]
   pick-axe           [Unskilled]
   short sword        [Unskilled]
   broadsword         [Unskilled]
   long sword         [Unskilled]
   two-handed sword   [Unskilled]
   saber              [Unskilled]
   hammer             [Unskilled]
   quarterstaff       [Unskilled]
   polearms           [Unskilled]
   spear              [Basic]
   trident            [Unskilled]
   lance              [Unskilled]
   sling              [Unskilled]
 Spellcasting Skills
   attack spells      [Unskilled]
   escape spells      [Unskilled]

Voluntary challenges:
 Character rerolling was not enabled.
 You were an atheist.
 You were illiterate.
 You never genocided any monsters.
 You never polymorphed an object.
 You never changed form.
 You used no wishes.
Achievements:
 You entered a shop.
 You attained the rank of Skirmisher.
 You entered the Gnomish Mines.

 The Dungeons of Doom: levels 1 to 3
    Level 1:
       A fountain.
    Level 2:
       Stairs down to The Gnomish Mines.
    Level 3:
       A potion shop, a sink.
 The Gnomish Mines:
    Level 3: <- You were here.
       Final resting place for
          you, killed by a kitten.


Vanquished creatures:
  a homunculus
  a gas spore
  a hobbit
  a large kobold
  4 gnomes
  3 geckos
  7 jackals
  3 foxes
  3 sewer rats
  3 grid bugs
  a lichen
  a kobold zombie
  6 newts
35 creatures vanquished.

No species were genocided or became extinct.

Game over:
                       ----------
                      /          \
                     /    REST    \
                    /      IN      \
                   /     PEACE      \
                  /                  \
                  |   31245981910    |
                  |      45 Au       |
                  |   killed by a    |
                  |      kitten      |
                  |                  |
                  |                  |
                  |       2026       |
                 *|     *  *  *      | *
        _________)/\\_//(\/(/\)/\//\/|_)_______

Farvel 31245981910 the Valkyrie...

You died in The Gnomish Mines on dungeon level 3 with 341 points,
and 45 pieces of gold, after 1773 moves.
You were level 3 with a maximum of 41 hit points when you died.

